 Dungeon Crawl Stone Soup version 0.15-a0-1828-g04ddf54 (webtiles) character file.

3 Econoterrorist the Sneak (level 1, -2/9 HPs)
             Began as a Spriggan Enchanter on July 2, 2014.
             Slain by a hobgoblin (5 damage)
             ... on Level 1 of the Dungeon.
             The game lasted 00:01:17 (295 turns).

Econoterrorist the Sneak (Spriggan Enchanter)        Turns: 295, Time: 00:01:17

HP  -2/9         AC  3     Str  4      XL: 1   Next: 41%
MP   2/4         EV 18     Int 16      God:
Gold 25          SH  0     Dex 16      Spells:  1 memorised,  4 levels left

rFire  . . .     SeeInvis +     a - +1 dagger
rCold  . . .     Clarity  .     b - +1 robe
rNeg   . . .     rCorr    .     (shield restricted)
rPois  .         rRot     .     (helmet restricted)
rElec  .         Spirit   .     (no cloak)
SustAb .         Warding  .     (gloves unavailable)
rMut   .         Stasis   .     (boots unavailable)
Gourm  .                        (no amulet)
MR     .....                    (no ring)
                                (no ring)

@: very slightly contaminated, very quick, not resistant to hostile
enchantments, fairly stealthy
A: unfitting armour, see invisible, herbivore 3, speed 3, slow metabolism 2
a: no special abilities


You were on level 1 of the Dungeon.
You were not hungry.

You visited 1 branch of the dungeon, and saw 1 of its levels.

You collected 25 gold pieces.

Inventory:

Hand weapons
 a - a +1 dagger (weapon)
Armour
 b - a +1 robe (worn)
Potions
 d - a potion of porridge
 e - a potion of curing {unknown}
 f - a potion of mutation {unknown}
Books
 c - a book of Maledictions

   Spells                             Type                      Level
   *Corona                            Hexes                        1
   Sure Blade                         Hexes/Charms                 2
   Ensorcelled Hibernation            Hexes/Ice                    2
   Confuse                            Hexes                        3
   Dazzling Spray                     Conjuration/Hexes            3
   Enslavement                        Hexes                        4


   Skills:
 - Level 1.1 Short Blades
 - Level 3.0 Dodging
 + Level 4.8 Stealth
 - Level 2.6 Spellcasting
 - Level 3.6 Hexes


You had 4 spell levels left.
You knew the following spells:

 Your Spells              Type           Power        Failure   Level  Hunger
a - Corona                Hex            ##.....      6%          1    #......


Dungeon Overview and Level Annotations

Branches:
Dungeon (1/15)

Altars:


Innate Abilities, Weirdness & Mutations

You are tiny and cannot use many weapons and most armour.
You have supernaturally acute eyesight.
You are a herbivore.
You cover ground extremely quickly.
You need consume almost no food.


Message History

You hit the hobgoblin but do no damage.
The hobgoblin is heavily wounded.
The hobgoblin closely misses you.
Casting: Corona
Confirm with . or Enter, or press ? or * to list all spells.
Aiming: Corona
Press: ? - help, Shift-Dir - straight line, f/p - hobgoblin
Aim: a hobgoblin (heavily wounded)
You miscast Corona.
Strange energies run through your body.
Casting: Corona
Confirm with . or Enter, or press ? or * to list all spells.
Aiming: Corona
Press: ? - help, Shift-Dir - straight line, f/p - hobgoblin
Aim: a hobgoblin (heavily wounded)
The hobgoblin is outlined in light.
You hit the hobgoblin but do no damage.
The hobgoblin is heavily wounded.
The hobgoblin hits you.
Ouch! That really hurt!
You die...

.#m#........## '###.........#
.#...........# .............#
#...........# ..#....#...## ####
..####.##### ...#
.#####.############## #..#
...)...........g@...# #..######
.####...############# #......#
.# #...# #......#
.####...##################.....#
...............................#
........##################.....#
........## #.....#
#####....##### ########.....#
#........# ##.....#.....##


You could see a hobgoblin.

Vanquished Creatures
  A bat (D:1)
  A hobgoblin (D:1)
  A goblin (D:1)
3 creatures vanquished.

Notes
Turn   | Place    | Note
--------------------------------------------------------------
     0 | D:1      | Econoterrorist, the Spriggan Enchanter, began the quest for the Orb.
     0 | D:1      | Reached XP level 1. HP: 9/9 MP: 4/4
     2 | D:1      | Noticed a vampire
     2 | D:1      | Noticed a demonspawn
     4 | D:1      | Noticed a spriggan
     4 | D:1      | Noticed a troll
     6 | D:1      | Noticed a minotaur
     6 | D:1      | Noticed a draconian
     8 | D:1      | Noticed an elf
    10 | D:1      | Noticed a formicid
    10 | D:1      | Noticed a centaur
    12 | D:1      | Noticed an ogre
    12 | D:1      | Noticed a ghoul
    14 | D:1      | Noticed a gargoyle
    16 | D:1      | Noticed a dwarf
    18 | D:1      | Noticed a demigod
    18 | D:1      | Noticed a human
    20 | D:1      | Noticed an octopode
    20 | D:1      | Noticed a naga
    22 | D:1      | Noticed a felid
    24 | D:1      | Noticed a vine stalker
    26 | D:1      | Noticed a tengu
    26 | D:1      | Noticed a merfolk
   295 | D:1      | Slain by a hobgoblin

Action                   || total
-------------------------++-------
Melee: Dagger            ||    18
 Cast: Corona            ||     1
